 Dungeon Crawl Stone Soup version 0.31.0-32-g396128a36d (webtiles) character file.

Game seed: 1865613394882583577

55589 AbbaRin the Thaumaturge (level 14, -19/68 HPs)
             Began as a Deep Elf Conjurer on Apr 13, 2024.
             Was an Elder of Sif Muna.
             Engulfed by a cloud of freezing vapour (22 damage)
             ... on level 5 of the Lair of Beasts on Apr 14, 2024.
             The game lasted 04:42:25 (27102 turns).

AbbaRin the Thaumaturge (Deep Elf Conjurer)        Turns: 27102, Time: 04:42:28

Health: -19/68     AC: 14    Str:  2    XL:     14   Next: 38%
Magic:  3/34       EV: 14    Int: 29    God:    Sif Muna [****..]
Gold:   2613       SH:  6    Dex: 13    Spells: 3/41 levels left

rFire   . . .        M - staff "Isick" {Str-2 Stlth+ Conj Earth}
rCold   . . .        P - +1 buckler {reflect}
rNeg    + . .        H - +1 steam dragon scales
rPois   .            z - +2 hat
rElec   .            a - +2 cloak
rCorr   .            D - +0 pair of gloves
SInv    .            (no boots)
Will    ++...        e - amulet of regeneration
Stlth   +++          y - ring of positive energy
HPRegen 1.11/turn    g - ring of willpower
MPRegen 0.24/turn

%: random rage (3%), reflection
@: very slow
A: iridescent scales 1, berserk 1, MP-powered wands
a: Renounce Religion, Channel Magic, Forget Spell, Divine Exegesis


You were on level 5 of the Lair of Beasts.
You worshipped Sif Muna.
Sif Muna was greatly pleased with you.
You visited 3 branches of the dungeon, and saw 16 of its levels.
You also visited: Ossuary.

You collected 3171 gold pieces.
You spent 558 gold pieces at shops.

Inventory:

Hand Weapons
 d - a +0 sling
 n - a +1 hammer of protection
 o - a +2 quarterstaff of chaos
 p - a +5 battleaxe
 s - a +3 trident of draining
 N - a +2 dagger of distortion
Missiles
 f - 35 poisoned darts
 q - 8 silver javelins
 u - 4 atropa-tipped darts
Armour
 a - a +2 cloak (worn)
 z - a +2 hat (worn)
 A - a +0 helmet
 D - a +0 pair of gloves (worn)
 H - +1 steam dragon scales (worn)
 P - a +1 buckler of reflection (worn)
Magical Staves
 i - a staff of air
 v - a staff of death
 E - a staff of fire
 M - the staff "Isick" (weapon) {Str-2 Stlth+ Conj Earth}
   (You acquired it on level 7 of the Dungeon)

   [staff of earth]

   Base accuracy: +5 Base damage: 5 Base attack delay: 1.2 This weapon's minimum
   attack delay (0.6) is reached at skill level 12.
   Str-2:     It affects your strength (-2).
   Stlth+:    It makes you more stealthy.
   Conj:      It increases the power of your Conjurations spells.
   Earth:     It increases the power of your Earth spells.
   It falls into the 'Staves' category.
   It is a one-handed weapon.
Jewellery
 e - an amulet of regeneration (around neck)
 g - a ring of willpower (right hand)
 y - a ring of positive energy (left hand)
 J - an amulet of reflection
 L - a ring of ice
 O - an amulet of guardian spirit
 U - a ring of positive energy
 W - a ring of protection from cold
 Y - a ring of wizardry
Wands
 k - a wand of paralysis (24)
 l - a wand of iceblast (6)
 B - a wand of mindburst (7) (quivered)
 F - a wand of flame (39)
Scrolls
 b - 6 scrolls of identify
 m - 3 scrolls of immolation
 r - 2 scrolls of fog
 t - 8 scrolls of teleportation
 w - a scroll of torment
 x - 3 scrolls of amnesia
 I - 8 scrolls of enchant weapon
 Q - 2 scrolls of fear
 R - 2 scrolls of revelation
 V - a scroll of poison
 X - a scroll of vulnerability
Potions
 c - 5 potions of curing
 h - a potion of haste
 j - 4 potions of mutation
 C - 2 potions of berserk rage
 G - a potion of cancellation
 K - 2 potions of ambrosia
 S - 2 potions of enlightenment
 T - a potion of resistance
 Z - 2 potions of might


   Skills:
 + Level 7.5 Dodging
 + Level 8.1 Stealth
 + Level 6.1 Shields
 * Level 14.1 Spellcasting
 + Level 9.6 Conjurations
 + Level 9.1 Hexes
 * Level 10.0 Necromancy
 - Level 6.5 Translocations
 * Level 6.8 Fire Magic
 - Level 4.1 Ice Magic
 - Level 1.1 Air Magic
 + Level 9.1 Earth Magic
 + Level 6.3 Alchemy
 + Level 6.5 Invocations
 + Level 4.6 Evocations


You had 3 spell levels left.
You knew the following spells:

 Your Spells              Type           Power      Damage    Failure   Level
a - Magic Dart            Conj           100%       1d8       1%          1
b - Searing Ray           Conj           100%       2d8       1%          2
c - Stone Arrow           Conj/Erth      100%       3d13      1%          3
d - Iskenderun's Mystic   Conj/Tloc      79%        2d16      1%          4
e - Brom's Barrelling Bo  Conj/Erth      100%       2d11      1%          4
f - Fulminant Prism       Conj/Alch      39%        3d17      1%          4
g - Anguish               Hex/Necr       33%        N/A       1%          4
h - Borgnjor's Vile Clut  Necr/Erth      42%        N/A       2%          5
i - Fireball              Conj/Fire      40%        3d16      4%          5
j - Bombard               Conj/Erth      53%        9d9       16%         6

Your spell library contained the following spells:

 Spells                   Type           Power      Damage    Failure   Level
 Necrotise                Necr           100%       1d9       1%          1
 Sandblast                Erth           100%       2d20      1%          1
 Blink                    Tloc           100%       N/A       1%          2
 Ensorcelled Hibernation  Hex/Ice        100%       N/A       1%          2
 Lesser Beckoning         Tloc           100%       N/A       1%          2
 Momentum Strike          Conj/Tloc      100%       3d10      1%          2
 Sublimation of Blood     Necr           68%        N/A       1%          2
 Fugue of the Fallen      Necr           68%        N/A       1%          3
 Passwall                 Erth           84%        N/A       1%          3
 Sigil of Binding         Hex            65%        N/A       1%          3
 Vampiric Draining        Necr           68%        2d10      1%          3
 Call Imp                 Summ           40%        N/A       8%          2
 Call Canine Familiar     Summ           20%        N/A       14%         3
 Animate Dead             Necr           68%        N/A       1%          4
 Cause Fear               Hex            32%        N/A       1%          4
 Dimensional Bullseye     Hex/Tloc       30%        N/A       1%          4
 Leda's Liquefaction      Alch/Erth      39%        N/A       1%          4
 Petrify                  Alch/Erth      78%        N/A       1%          4
 Curse of Agony           Necr           68%        N/A       2%          5
 Lee's Rapid Deconstruct  Erth           42%        3d20*     3%          5
 Irradiate                Conj/Alch      39%        3d24      4%          5
 Martyr's Knell           Necr/Summ      49%        N/A       6%          4
 Death Channel            Necr           34%        N/A       12%         6
 Dragon's Call            Summ           10%        N/A       100%        9


Dungeon Overview and Level Annotations

Branches:
Dungeon (10/15)            Temple (1/1) D:6            Lair (5/5) D:8
 Shoals (0/4) Lair:2       Spider (0/4) Lair:3        Slime (0/5) Lair:4
Ossuary (visited)
    Orc: D:9-12

Altars:
Ashenzari
Cheibriados
Dithmenos
Elyvilon
Fedhas
Gozag
Hepliaklqana
Kikubaaqudgha
Makhleb
Nemelex Xobeh
Okawaru
Qazlal
Ru
Sif Muna
Trog
Uskayaw
Vehumet
Wu Jian
Xom
Yredelemnul
Zin
The Shining One

Shops:
D:8 *

Annotations:
D:7 3 runed translucent doors, TacoSundae's ghost, novice VSSh


Innate Abilities, Weirdness & Mutations

You are partially covered in iridescent scales. (AC +2)
You sometimes lose your temper in combat.
You expend magic power (3 MP) to strengthen your wands.


Message History

The ice dragon completely misses you.
The ice dragon tramples you but does no damage.
You enter the shallow water.
Moving in this stuff is going to be slow.
The zombie hands constrict the ice dragon.
The ice dragon struggles to escape constriction.
The zombie hands lose their grip on something.
Casting: Borgnjor's Vile Clutch (dangerous; 2% risk of failure)
Confirm with . or Enter, or press ? or * to list all spells.
You feel a surge of power!
You erupt in a blast of force!
The mystic blast hits the swamp dragon!
The swamp dragon is lightly wounded.
The swamp dragon is knocked back by the mystic blast.
The mystic blast hits the ice dragon!!
The ice dragon is severely wounded.
The ice dragon is knocked back by the mystic blast.
The ice dragon slams into the tree!
The ice dragon is almost dead.
Casting: Iskenderun's Mystic Blast (dangerous; 1% risk of failure)
Confirm with . or Enter, or press ? or * to list all spells.
Casting: Anguish (dangerous; 1% risk of failure)
Press: ? - help, Dir - look around, f - activate The swamp dragon easily resists.
The ice dragon breathes frost at you. The blast of cold hits you!!!
Ouch! That really hurt!
* * * LOW HITPOINT WARNING * * *
The ice dragon is wracked by anguish!!!
The ice dragon dies!
Sif Muna accepts your kill.
You hear a roar!
Casting: Anguish (dangerous; 1% risk of failure)
Confirm with . or Enter, or press ? or * to list all spells.
Aiming: Borgnjor's Vile Clutch (dangerous; 2% risk of failure)
Press: ? - help, Shift-Dir - straight line, f - swamp dragon
Aim: a swamp dragon (grey smoke, lightly wounded, 100% to hit)
You feel a surge of power!
Zombie hands grab the swamp dragon.
You are engulfed in freezing vapours.
You die...

♣♣♣ .♣ ♣..
~..♣..♣♣♣
≈...~§..♣♣
≈≈≈D≈§§§§♣♣
~≈≈~.§§§§§♣♣
..~..§§.§§.♣
$...$§§♣§D♣♣ .♣
/[$?.♣♣♣≈○@♣ .~♣♣
[(.[)♣♣.≈~.♣
~≈~.♣♣♣.♣♣♣.~..♣♣
..≈~.♣♣♣♣♣.....♣
..≈..♣♣♣~~.†♣♣♣
♣≈≈[.≈...♣♣
♣♣≈~~.÷...♣
♣♣♣~.[.....♣♣
♣♣≈~~♣.÷...♣♣


You could see a swamp dragon (clutched).

Vanquished Creatures
  2 hydras
  A catoblepas (Lair:5)
  14 death yaks
  A boulder beetle (Lair:5)
  A hell hog (Lair:5)
  Urug (D:10)
  A pharaoh ant (Lair:3)
  3 skysharks
  Lodul (D:10)
  A necromancer (D:10)
  3 harpies (Lair:2)
  4 elephants (Lair:3)
  9 black mambas
  Maggie (D:7)
  A torpor snail (Lair:3)
  13 cane toads
  9 komodo dragons
  4 rime drakes
  Jeremiah (D:6)
  Psyche (D:10)
  11 polar bears
  9 blink frogs
  Grinder (D:4)
  Prince Ribbit (D:7)
  A dream sheep (Lair:5)
  A raiju (Lair:5)
  A jumping spider (Lair:3)
  A vampire (D:6)
  3 wyverns
  2 wraiths
  4 basilisks
  30 yaks
  4 wargs (Lair:5)
  3 steam dragons
  2 vampire mosquitoes (D:10)
  Duvessa (D:7)
  11 water moccasins
  An acid dragon (Lair:5)
  15 hell hounds (Lair:5)
  12 black bears
  2 ice beasts
  10 ogres
  23 wolves
  A centaur (D:5)
  3 phantoms (D:5)
  A weeping skull (Ossuary)
  2 kobold brigands
  13 bullfrogs
  3 scorpions
  Dowan (D:7)
  15 wights
  57 killer bees
  An electric eel (Lair:2)
  2 howler monkeys
  A bullfrog zombie (Ossuary)
  Crazy Yiuf (D:3)
  4 centaur zombies (Ossuary)
  4 hounds
  A bombardier beetle (D:5)
  3 jellies
  6 orc priests
  2 sleepcaps
  10 iguanas
  Ijyb (D:3)
  7 orc wizards
  4 gnolls (D:4)
  11 adders
  2 white imps
  2 ufetubi (D:4)
  2 adder zombies (Ossuary)
  A dart slug (D:2)
  A ribbon worm (D:2)
  33 orcs
  6 endoplasms
  2 giant cockroaches
  2 gnoll zombies (Ossuary)
  3 goblins
  9 hobgoblins
  4 jackals (D:2)
  3 quokkas
  8 ball pythons
  11 bats
  6 frilled lizards
  2 goblin zombies (Ossuary)
  3 hobgoblin zombies (Ossuary)
  12 kobolds
  3 orc zombies (Ossuary)
  3 rats
493 creatures vanquished.

Vanquished Creatures (collateral kills)
  36 boulders
36 creatures vanquished.

Vanquished Creatures (others)
  Fannar (D:10)
  An ice dragon (Lair:5)
  A komodo dragon (Lair:5)
  3 yaks
  A wyvern (D:10)
  An acid dragon (Lair:5)
  A hell hound (Lair:5)
  An orc warrior (D:10)
  An ogre (D:10)
  A killer bee (D:10)
  26 boulders
  28 fulminant prisms
66 creatures vanquished.

Grand Total: 595 creatures vanquished

Notes
Turn   | Place    | Note
-------+----------+-------------------------------------------
     0 | D:1      | AbbaRin the Deep Elf Conjurer began the quest for the Orb.
     0 | D:1      | Reached XP level 1. HP: 10/10 MP: 6/6
     6 | D:1      | Noticed an anaconda
     6 | D:1      | Noticed a lindwurm
     7 | D:1      | Noticed a wyvern
     7 | D:1      | Noticed a hound
   533 | D:1      | Reached XP level 2. HP: 15/15 MP: 6/8
  1309 | D:2      | Reached XP level 3. HP: 19/19 MP: 3/10
  1601 | D:2      | Learned a level 2 spell: Searing Ray
  1755 | D:2      | Reached skill level 4 in Spellcasting
  1764 | D:2      | Reached XP level 4. HP: 23/24 MP: 6/12
  1796 | D:2      | Reached skill level 1 in Translocations
  2209 | D:2      | Learned a level 3 spell: Stone Arrow
  2239 | D:3      | Noticed Ijyb
  2246 | D:3      | Killed Ijyb
  2362 | D:3      | Reached skill level 5 in Conjurations
  2362 | D:3      | Reached XP level 5. HP: 17/28 MP: 8/13
  2555 | D:3      | Reached skill level 1 in Earth Magic
  3395 | D:3      | Found a runed translucent door.
  3396 | D:3      | Noticed Crazy Yiuf
  3404 | D:3      | Learned a level 4 spell: Iskenderun's Mystic Blast
  3407 | D:3      | Killed Crazy Yiuf
  3627 | D:4      | Noticed an ogre
  3631 | D:4      | Killed an ogre
  3632 | D:4      | Reached skill level 5 in Spellcasting
  3632 | D:4      | Reached XP level 6. HP: 32/32 MP: 6/15
  4034 | D:4      | Reached skill level 1 in Ice Magic
  4639 | D:4      | Noticed Grinder
  4648 | D:4      | Killed Grinder
  4649 | D:4      | Reached XP level 7. HP: 27/36 MP: 2/17
  5363 | D:5      | Entered Level 5 of the Dungeon
  5730 | D:5      | Reached skill level 6 in Spellcasting
  5730 | D:5      | Reached skill level 1 in Evocations
  5907 | D:5      | Reached XP level 8. HP: 38/41 MP: 4/19
  6020 | D:5      | Reached skill level 5 in Stealth
  6147 | D:5      | Learned a level 4 spell: Brom's Barrelling Boulder
  6561 | D:5      | Identified the +1 leather armour of Integrity {rPois SInv}
  7430 | D:5      | Reached skill level 7 in Spellcasting
  7550 | D:6      | Reached skill level 5 in Dodging
  7550 | D:6      | Reached skill level 5 in Translocations
  8104 | D:6      | Found a staircase to the Ecumenical Temple.
  8125 | D:6      | Gained mutation: You expend magic power (3 MP) to
                  | strengthen your wands. [potion of mutation]
  8125 | D:6      | Gained mutation: You sometimes lose your temper in combat.
                  | [potion of mutation]
  8125 | D:6      | Gained mutation: You are partially covered in iridescent
                  | scales. (AC +2) [potion of mutation]
  8128 | Temple   | Entered the Ecumenical Temple
  8146 | Temple   | Became a worshipper of Sif Muna the Loreminder
  8251 | D:6      | Noticed Jeremiah
  8273 | D:6      | Killed Jeremiah
  8274 | D:6      | Reached skill level 5 in Earth Magic
  8274 | D:6      | Reached XP level 9. HP: 18/45 MP: 13/22
  8553 | D:6      | Found a snail-covered altar of Cheibriados.
  8749 | D:7      | Noticed Duvessa
  8752 | D:7      | Killed Duvessa
  8752 | D:7      | Noticed Dowan
  8754 | D:7      | Killed Dowan
  8864 | D:7      | Found a runed translucent gate.
  8865 | D:7      | Found a runed translucent gate.
  8866 | D:7      | Found a runed translucent gate.
  8867 | D:7      | Noticed TacoSundae's ghost (novice VSSh)
  8897 | D:7      | Found a sand-covered staircase.
  8912 | D:7      | Learned a level 4 spell: Fulminant Prism
  8914 | Ossuary  | Entered an ossuary
  9505 | Ossuary  | Reached skill level 8 in Spellcasting
  9649 | Ossuary  | Noticed a silent spectre
  9757 | D:7      | Found a sacrificial altar of Ru.
  9863 | D:7      | Found a shadowy altar of Dithmenos.
 10026 | D:7      | Noticed Prince Ribbit
 10032 | D:7      | Killed Prince Ribbit
 10195 | D:7      | Identified 2 scrolls of acquirement
 10195 | D:7      | Acquired 1276 gold pieces
 10640 | D:7      | Noticed Maggie
 10662 | D:7      | Killed Maggie
 10663 | D:7      | Reached skill level 1 in Alchemy
 10663 | D:7      | Reached skill level 1 in Invocations
 11048 | D:7      | Acquired the staff "Isick" {Str-2 Stlth+ Conj Earth}
 11072 | D:7      | Found a glowing golden altar of the Shining One.
 11204 | D:7      | Found an ornate altar of the Wu Jian Council.
 12053 | D:8      | Reached XP level 10. HP: 50/50 MP: 19/24
 12079 | D:8      | Found a staircase to the Lair.
 12287 | D:8      | Found Gyishred's Neck Hole.
 12296 | D:8      | Bought a +2 cloak for 198 gold pieces
 12430 | D:8      | Bought an amulet of regeneration for 360 gold pieces
 12628 | D:8      | Reached * piety under Sif Muna
 12868 | D:8      | Found a white marble altar of Elyvilon.
 13027 | D:9      | Reached skill level 9 in Spellcasting
 13206 | D:9      | Reached skill level 1 in Hexes
 13363 | D:9      | Reached skill level 1 in Air Magic
 13515 | D:9      | Learned a level 4 spell: Anguish
 13532 | D:9      | Reached skill level 1 in Necromancy
 13768 | D:9      | Reached skill level 1 in Fire Magic
 14107 | D:9      | Reached ** piety under Sif Muna
 14592 | D:10     | Entered Level 10 of the Dungeon
 14790 | D:10     | Noticed Urug
 14794 | D:10     | Killed Urug
 14795 | D:10     | Reached skill level 1 in Shields
 14795 | D:10     | Reached skill level 10 in Spellcasting
 14795 | D:10     | Reached XP level 11. HP: 54/54 MP: 13/27
 15050 | D:10     | Noticed Fannar
 15065 | D:10     | HP: 1/54 [wyvern (8)]
 15085 | D:10     | Reached skill level 5 in Hexes
 15088 | D:10     | HP: 2/54 [Fannar/+0 quarterstaff of freezing (22)]
 15088 | D:10     | Killed Fannar
 15509 | D:10     | Noticed Lodul
 15630 | D:10     | Killed Lodul
 15707 | D:10     | Noticed a necromancer
 15710 | D:10     | Killed a necromancer
 15711 | D:10     | Reached skill level 5 in Necromancy
 15792 | D:10     | Learned a level 5 spell: Borgnjor's Vile Clutch
 16093 | D:10     | Found a stormy altar of Qazlal.
 16100 | D:10     | Noticed Psyche
 16106 | D:10     | Killed Psyche
 16506 | Lair:1   | Entered Level 1 of the Lair of Beasts
 16846 | Lair:1   | Reached skill level 11 in Spellcasting
 17223 | Lair:1   | You fall into a shaft and drop 1 floor!
 17226 | Lair:2   | Noticed a harpy
 17227 | Lair:2   | Noticed a harpy
 17227 | Lair:2   | Noticed a harpy
 17233 | Lair:2   | Killed a harpy
 17234 | Lair:2   | Killed a harpy
 17236 | Lair:2   | Killed a harpy
 17237 | Lair:2   | Reached XP level 12. HP: 47/59 MP: 12/29
 17241 | Lair:2   | Found a staircase to the Shoals.
 17878 | Lair:2   | Noticed a seven-headed hydra
 17888 | Lair:2   | Killed a seven-headed hydra
 19594 | Lair:3   | Noticed a death yak
 19594 | Lair:3   | Noticed a death yak
 19594 | Lair:3   | Noticed a death yak
 19594 | Lair:3   | Noticed a death yak
 19729 | Lair:3   | Reached *** piety under Sif Muna
 19915 | Lair:3   | Reached skill level 12 in Spellcasting
 20001 | Lair:3   | Reached skill level 5 in Invocations
 20536 | Lair:3   | Reached skill level 5 in Alchemy
 20537 | Lair:3   | Killed a death yak
 20540 | Lair:3   | Killed a death yak
 20543 | Lair:3   | Killed a death yak
 20544 | Lair:3   | Reached XP level 13. HP: 37/63 MP: 19/31
 20766 | Lair:3   | Reached skill level 5 in Shields
 20769 | Lair:3   | Reached **** piety under Sif Muna
 20912 | Lair:3   | Reached skill level 5 in Fire Magic
 21533 | Lair:3   | Found a hole to the Spider Nest.
 21690 | Lair:3   | Identified the +4 chain mail of the Journeyman {rCorr Int-4
                  | SInv Stlth+}
 22427 | Lair:4   | Reached skill level 13 in Spellcasting
 23511 | Lair:4   | Found a staircase to the Slime Pits.
 23741 | Lair:5   | Entered Level 5 of the Lair of Beasts
 23860 | Lair:5   | Learned a level 5 spell: Fireball
 24596 | Lair:5   | Reached XP level 14. HP: 65/68 MP: 24/33
 26509 | Lair:5   | Reached skill level 14 in Spellcasting
 26982 | Lair:5   | Learned a level 6 spell: Bombard
 26993 | Lair:5   | Reached skill level 10 in Necromancy
 27101 | Lair:5   | HP: 3/68 [ice dragon/blast of cold (43)]
 27102 | Lair:5   | Engulfed by a cloud of freezing vapour

Illustrated notes

Levels and vault maps discovered:
D:1:      onia_arrival_zoo_common, layout_loops_corners
D:2:      layout_basic, serial_glass, glass_columns_c, glass_columns_a,
          kennysheep_generic_room_10
D:3:      layout_basic, minivault_11, uniq_ijyb, uniq_crazy_yiuf_cottage
D:4:      layout_basic, mainiacjoe_sewer_entry_somewhere_in_here_2,
          bh_walls_and_bars, uniq_grinder
D:5:      layout_gridville, minmay_starry_boxes
D:6:      layout_cave_pools, marbit_many_paths, minmay_temple_entry_sparse_star,
          serial_column_ruins, column_ruins_hut, column_ruins_grid_3,
          column_ruins_open_tiny, column_ruins_open_small, column_ruins_grid_1,
          column_ruins_grid_1, uniq_jeremiah
D:7:      layout_basic, mainiacjoe_overflow_six_doors_small,
          mainiacjoe_overflow_cross_hatched,
          mainiacjoe_overflow_small_starburst,
          mainiacjoe_overflow_concentric_impassable,
          nicolae_ossuary_entry_monument, gammafunk_ghost_split, uniq_maggie,
          uniq_prince_ribbit1, uniq_duvessa
D:8:      layout_basic, lemuel_coloured_pillars_altar,
          nicolae_shop_sticking_my_neck_out
D:9:      layout_roguey, kennysheep_generic_room_7
D:10:     layout_cave_pools, mainiacjoe_overflow_paths, serial_glass,
          glass_columns_b, glass_columns_b, minmay_librarian, uniq_fannar,
          uniq_lodul, uniq_urug, uniq_psyche
Temple:   eino_wide_crystal_templ
Lair:1:   layout_loops_ring, columned_hall_lemuel
Lair:2:   layout_chaotic_city, nicolae_shoals_entry_roost,
          chequers_serial_rivers_marsh, minmay_stone_trees_small,
          serial_bayou_shore_a, infiniplex_staircase_pool
Lair:3:   wad_woods_minihive, layout_hall_layers,
          nicolae_spider_entry_lesser_pyramids, beast_lair_carwin_7
Lair:4:   layout_regular_city, slime_entry_1, infiniplex_staircase_pool_2,
          lemuel_fruit_fields, grunt_megastairs_5
Lair:5:   guppyfry_lair_end_dragon, layout_loops_ring,
          hangedman_lair_caniforms_friends

Skill      XL: |  1  2  3  4  5  6  7  8  9 10 11 12 13 14 |
---------------+-------------------------------------------+-----
Dodging        | 3 4 5 6 7 |  7.5
Stealth        | 3 4 5 6 7 8 |  8.1
Spellcasting   | 4 5 6 7 8 10 11 12 13 14 | 14.1
Translocations | 1 2 3 4 5 6 |  6.5
Conjurations   | 5 6 7 8 9 |  9.6
Earth Magic    | 1 2 3 5 6 7 8 9 |  9.1
Ice Magic      | 1 2 3 4 |  4.1
Evocations     | 1 2 3 4 |  4.6
Alchemy        | 1 2 4 5 6 |  6.3
Invocations    | 1 3 4 5 6 |  6.5
Hexes          | 4 6 7 8 9 |  9.1
Air Magic      | 1 |  1.1
Necromancy     | 3 6 7 9 10 | 10.0
Fire Magic     | 1 3 4 6 |  6.8
Shields        | 1 3 4 5 6 |  6.1

Action                     |  1- 3 |  4- 6 |  7- 9 | 10-12 | 13-15 || total
---------------------------+-------+-------+-------+-------+-------++-------
  Melee: Short sword       |    16 |    16 |       |       |       ||    32
         Mace              |       |     7 |    14 |       |       ||    21
         Staff             |       |       |     9 |    77 |    39 ||   125
   Cast: Magic Dart        |    52 |    70 |    83 |    61 |    21 ||   287
         Searing Ray       |     2 |    10 |    19 |    13 |     4 ||    48
         Stone Arrow       |       |    14 |    63 |   122 |    99 ||   298
         Iskenderun's Myst |       |     1 |    17 |    33 |    45 ||    96
         Brom's Barrelling |       |       |    22 |    31 |    32 ||    85
         Fulminant Prism   |       |       |     2 |    16 |    10 ||    28
         Anguish           |       |       |       |    30 |    34 ||    64
         Borgnjor's Vile C |       |       |       |    23 |    64 ||    87
         Fireball          |       |       |       |       |    17 ||    17
         Bombard           |       |       |       |       |     1 ||     1
 Invoke: Channel Magic     |       |       |       |     8 |    17 ||    25
  Evoke: Wand              |       |     2 |     4 |     9 |     2 ||    17
    Use: Scroll            |     2 |     4 |    15 |    11 |     4 ||    36
         Potion            |     1 |       |     5 |    10 |     2 ||    18
   Stab: Sleeping          |       |     1 |       |       |     1 ||     2
         Invisible         |       |       |       |     1 |       ||     1
         Paralysed         |       |       |       |     4 |     6 ||    10
 Armour: Robe              |     5 |    17 |    38 |       |       ||    60
         Steam dragon scal |       |       |     5 |   169 |   159 ||   333
  Dodge: Dodged            |    15 |    14 |    57 |   140 |   103 ||   329
  Block: Other             |       |       |     5 |     9 |       ||    14
         Buckler           |       |       |       |    37 |    53 ||    90
         Reflection        |       |       |       |     1 |       ||     1
